[Event "55th Biel Festival MTO 2022"]
[Site "Biel"]
[Date "2022.07.21"]
[Round "8.36"]
[White "Kittler, Thorsten"]
[Black "Aydin, Gulenay"]
[Result "1/2-1/2"]
[ECO "E63"]
[WhiteElo "2226"]
[BlackElo "2100"]
[Annotator "TA"]
[PlyCount "167"]
[EventDate "2022.07.13"]
[EventType "swiss"]
[EventCountry "SUI"]
[SourceTitle "playchess.com"]
[Source "ChessBase"]
[SourceQuality "1"]
[TimeControl "40/5400+30:1800+30"]

1. d4 Nf6 2. Nf3 g6 3. g3 Bg7 4. Bg2 O-O 5. c4 d6 6. O-O Nc6 7. Nc3 a6 8. h3 {[%emt 0:08:25] 8.Bf4 is a critical line.} e5 9. d5 Ne7 10. e4 {[%emt 0:01:28] E63: King's Indian: Fianchetto: Panno Variation with 7...a6.} Nd7 11. Be3 f5 12. Qd2 {[%emt 0:02:54] White is slightly better.} Nf6 13. Ng5 {[%emt 0:05:23] [#]} Nh5 $146 ({Predecessor:} 13... fxe4 14. Ncxe4 Nf5 15. Nxf6+ Bxf6 16. Ne4 Nxe3 17. Qxe3 Bf5 18. Nxf6+ Rxf6 19. c5 dxc5 20. Qxc5 {½-½ (90) Ljubojevic,L (2570)-Ivanchuk,V (2740) Monte Carlo 1997}) 14. exf5 gxf5 (14... Nxf5 $11 {deserves consideration.} 15. Ne6 Bxe6 16. dxe6 Nxe3 17. Qxe3 c6) 15. Ne2 {[%emt 0:06:41] 0x0.001f20181013dp-1022s more active pieces.} (15. Ne6 $16 Bxe6 16. dxe6) 15... Ng6 {[%emt 0:12:36] Threatens to win with ...f4.} 16. f4 exf4 17. gxf4 h6 18. Nf3 Nh4 (18... Kh7 $11 {remains equal.}) 19. Nxh4 $16 Qxh4 20. Bf2 Qf6 21. Bf3 Qf7 22. Kh2 Kh7 23. Rg1 $36 {[%emt 0:02:41][%mdl 2048] Black is under strong pressure.} Bd7 24. Rg2 Rg8 25. Rag1 Bf6 26. Bd4 Bxd4 27. Qxd4 {[%emt 0:02:39] Hoping for Bxh5. Dancing on a razor blade.} Nf6 (27... Rxg2+ $14 28. Rxg2 Nf6) 28. Ng3 $1 Raf8 {[%emt 0:01:51] [#]} (28... Qe7 $16 {was worth a try.}) 29. Nh5 $1 $18 {[%emt 0:01:35][%mdl 512] White threatens Rxg8 and mate.} Rxg2+ (29... Nxh5 $2 30. Bxh5 Rxg2+ 31. Rxg2 $18) (29... Ne8 30. Qc3) 30. Rxg2 {[%emt 0:00:06] And now Rg7+ would win.} Ne8 {[%emt 0:00:48] Prevents Rg7+.} 31. Re2 $2 ({White should play} 31. b3 $18) 31... Ng7 $1 $14 32. Rg2 Ne8 $1 $18 33. Re2 (33. Qc3 $18) 33... Ng7 $1 $14 34. Qxg7+ Qxg7 35. Nxg7 Kxg7 {[%emt 0:00:11][%mdl 4096] Endgame KRB-KRB} 36. Re7+ Rf7 37. Rxf7+ Kxf7 $11 {[%emt 0:00:01] KB-KB} 38. Kg3 Ke7 39. Kf2 Ba4 40. b3 Be8 41. Ke3 Bf7 42. b4 Be8 43. Bd1 Bd7 (43... b6 $14) 44. a4 $1 $16 Be8 45. a5 Bd7 $2 (45... Kd8 $16 {might work better.} 46. Bc2 Bg6) 46. Be2 Be8 47. Bd3 Bg6 (47... Bd7 $16 {is a better chance.} 48. Kd4 Kf7) 48. c5 $18 {[%emt 0:00:00] Strongly threatening c6.} Kd8 49. c6 Kc8 50. cxb7+ Kxb7 51. Kf2 Ka7 52. Kg3 Kb7 53. Kh4 Ka7 54. Be2 Bf7 55. Bf3 Kb7 56. Kg3 Ka7 57. Kf2 Kb7 58. Ke3 Ka7 59. Kd4 Kb7 60. Bd1 Be8 {[%emt 0:00:14] [#]} 61. Bc2 (61. Ke3 $1 $18) 61... Bg6 $2 (61... Bd7 $16) 62. Ba4 Bh5 63. Bd7 Bg6 64. Kc4 Ka7 65. b5 Kb7 66. Kb4 Ka7 67. bxa6 Kxa6 68. Ka4 Bf7 69. Be6 Bg6 70. Kb4 Kb7 71. Bd7 Ka6 $1 72. Be6 {[%emt 0:03:44] Against Bf7} Kb7 73. Kb5 {[%emt 0:01:08] Inhibits c6+.} Be8+ {[%emt 0:00:11] [#]} 74. Kc4 $1 Bg6 75. Kb4 Ka6 76. Bd7 Bf7 77. Bxf5 Bxd5 78. Bd3+ Kb7 79. f5 {[%emt 0:00:13] aiming for Bc4.} Bf7 80. Bb5 {[%emt 0:02:40] Black must now prevent Bd7.} c6 81. Be2 c5+ 82. Kb5 Be8+ 83. Kc4 Bf7+ 84. Kb5 {[%emt 0:02:32] Weighted Error Value: White=0.26 (precise) /Black=0.33} ({Better is} 84. Kc3 $16) 1/2-1/2

[Event "55th Biel Festival MTO 2022"]
[Site "Biel"]
[Date "2022.07.21"]
[Round "8.37"]
[White "Matsumura, Cocoro"]
[Black "Asllani Dorian"]
[Result "1-0"]
[ECO "B31"]
[WhiteElo "2043"]
[BlackElo "2220"]
[Annotator "ChessBase"]
[PlyCount "79"]
[EventDate "2022.07.13"]
[EventType "swiss"]
[EventCountry "SUI"]
[SourceTitle "playchess.com"]
[Source "ChessBase"]
[SourceQuality "1"]
[TimeControl "40/5400+30:1800+30"]

1. e4 c5 2. Nf3 Nc6 3. Bb5 g6 4. O-O Bg7 5. d3 Nf6 6. Nc3 O-O 7. e5 Ne8 8. Bxc6 dxc6 9. h3 Bf5 10. Re1 Nc7 11. Bf4 Qd7 12. Qd2 Rfe8 13. Ne4 Bxe4 14. Rxe4 Ne6 15. Bh6 Bh8 16. Rh4 Rad8 17. Re1 Qd5 18. Ra4 a6 19. h4 Nd4 20. Nxd4 cxd4 21. e6 c5 22. Ra5 fxe6 23. b4 Rc8 24. bxc5 Rxc5 25. Rxc5 Qxc5 26. Rxe6 Kf7 27. Qe2 Bf6 28. Re4 Rd8 29. g4 Qd6 30. g5 Bh8 31. Qf3+ Ke8 32. Rf4 Qc6 33. Qg4 e6 34. Rf8+ Kd7 35. Rxh8 Rxh8 36. Qxd4+ Kc7 37. Qxh8 Qxc2 38. Qxh7+ Kc6 39. Qxg6 Qd1+ 40. Kh2 1-0

[Event "55th Biel Festival MTO 2022"]
[Site "Biel"]
[Date "2022.07.21"]
[Round "8.38"]
[White "Mahitosh Dey"]
[Black "Akshit Kumar J"]
[Result "0-1"]
[ECO "D02"]
[WhiteElo "2212"]
[BlackElo "2103"]
[Annotator "ChessBase"]
[PlyCount "122"]
[EventDate "2022.07.13"]
[EventType "swiss"]
[EventCountry "SUI"]
[SourceTitle "playchess.com"]
[Source "ChessBase"]
[SourceQuality "1"]
[TimeControl "40/5400+30:1800+30"]

1. d4 d5 2. Nf3 Nf6 3. c3 Bf5 4. Qb3 Qc8 5. Bf4 e6 6. Nbd2 c5 7. e3 Nc6 8. h3 Be7 9. dxc5 Bxc5 10. Nd4 Bg6 11. N2f3 O-O 12. Bb5 Nd7 13. O-O Re8 14. c4 Be4 15. Bg3 a6 16. Bxc6 bxc6 17. Nd2 Bg6 18. cxd5 cxd5 19. Rfc1 Qd8 20. Nc6 Qb6 21. Qxb6 Bxb6 22. b4 e5 23. Nb3 f6 24. a4 Kf7 25. b5 a5 26. Ra2 Ke6 27. Rd2 Rec8 28. Rcd1 Be4 29. Kh2 Nb8 30. f3 Bg6 31. Nxb8 Raxb8 32. e4 dxe4 33. Rd6+ Ke7 34. f4 Bh5 35. Rd7+ Kf8 36. R1d6 Be8 37. fxe5 Bxd7 38. Rxd7 Rd8 39. e6 Rxd7 40. exd7 Rd8 41. Bd6+ Kf7 42. Bc5 Bxc5 43. Nxc5 Ke7 44. Kg3 g5 45. Kf2 f5 46. Ke3 h5 47. Kd4 Rb8 48. Ke3 Rb6 49. Kd4 Kd8 50. Ke3 Kc7 51. g3 Rd6 52. h4 gxh4 53. gxh4 Kb6 54. Ne6 Rxd7 55. Nf4 Rd1 56. Nxh5 Rd3+ 57. Ke2 Rh3 58. Nf4 Rxh4 59. Ke3 Rh1 60. Nd5+ Kc5 61. Ne7 Rh3+ 0-1

[Event "55th Biel Festival MTO 2022"]
[Site "Biel"]
[Date "2022.07.22"]
[Round "9.1"]
[White "Alekseenko, Kirill"]
[Black "Muradli, Mahammad"]
[Result "1/2-1/2"]
[ECO "B52"]
[WhiteElo "2708"]
[BlackElo "2523"]
[Annotator "TA"]
[PlyCount "83"]
[EventDate "2022.07.13"]
[EventType "swiss"]
[EventCountry "SUI"]
[SourceTitle "playchess.com"]
[Source "ChessBase"]
[SourceQuality "1"]
[TimeControl "40/5400+30:1800+30"]

1. e4 c5 2. Nf3 d6 3. Bb5+ Bd7 4. c4 Nc6 5. Nc3 e5 6. d3 {[%emt 0:00:17] B52: Sicilian: Moscow Variation with 3...Bd7.} Nge7 {[%emt 0:00:07] [#]} 7. h4 $146 ({Predecessor:} 7. Be3 Ng6 8. h4 Be7 9. h5 Nf8 10. Nd5 Ne6 11. h6 g6 12. a3 O-O 13. b4 {½-½ (64) Squires,M (2361)-Roberts,A (2350) ICCF email 2020}) 7... h6 8. a3 g6 9. h5 g5 10. Nd2 f5 11. exf5 Nxf5 12. Nde4 Be7 13. Nd5 O-O 14. b4 cxb4 15. axb4 Be6 16. Bxc6 bxc6 17. Nxe7+ Qxe7 18. O-O Kh8 ({Better is} 18... d5 $14 19. Nc5 dxc4) 19. Bb2 $16 Kh7 20. Ra5 Nh4 21. f3 Rf7 22. Qa4 (22. c5 $1 $18 ) 22... Qd7 (22... d5 $16 {was called for.}) 23. b5 $2 {[%emt 0:01:25] [#]} (23. Ra6 $1 $18) 23... Bh3 $1 $11 24. bxc6 Qe6 25. Nxd6 $2 (25. gxh3 $2 Qxh3 26. Rf2 Nxf3+ 27. Rxf3 Qxf3 $19) (25. Rf2 $2 Bxg2 26. Rxg2 Qh3 $19) (25. Qb5 $1 $11 Bxg2 26. Qd5 Qxd5 27. Rxd5 Bxf1 28. Kxf1) 25... Bxg2 $2 ({Black should try} 25... Qxd6 $19 26. Rd5 (26. gxh3 $2 e4 $19) 26... Qe7 $1 27. gxh3 Qe6) 26. Nxf7 {[%emt 0:01:26] Active counter play!} Qh3 27. Qd1 $2 (27. Nxe5 $11 Kg8 28. Qd1 (28. Rxa7 $2 Qh1+ 29. Kf2 Qxf1+ 30. Ke3 Qe1+ 31. Kd4 Rxa7 $19)) 27... Nxf3+ $2 (27... Bxf3 $19 {( -> ...Qg3#)} 28. Qxf3 Nxf3+ 29. Rxf3 Qxf3) 28. Kf2 Nh2 $1 29. Rg1 Ng4+ $2 (29... Rf8 $11 {and Black is okay.} 30. Rxa7 (30. Rxg2 $2 Rxf7+ 31. Kg1 Nf3+ 32. Kf2 Nh4+ 33. Ke1 Qxg2 $19) 30... Ng4+ 31. Qxg4 Qxg4 32. Rxg2 Qd1) 30. Ke1 $18 Qe3+ $2 (30... Bf3 31. Qc2 Qh4+ 32. Kd2 Qf2+ 33. Kc3 Qxg1) 31. Qe2 Qxg1+ 32. Kd2 e4 {[%emt 0:08:30][%cal Oa8b8] aiming for ...Rb8!} (32... Qb6 $2 33. Rb5 Qf2 34. Qxf2 Nxf2 35. Nxe5) 33. Qxg4 Qf2+ {[%emt 0:00:06] [#]} 34. Kc3 $1 Qe1+ 35. Kb3 Qxa5 36. Nd6 $2 ({White has to play} 36. Qxg2 $18 Rb8+ 37. Kc2 Qa4+ 38. Kc1 Qxc6 39. Qf2 (39. Qxe4+ Qxe4 40. dxe4 g4 $16)) 36... Rb8+ $11 {[%emt 0:01:13] The position is equal.} 37. Nb5 {[%emt 0:00:45] The board is on fire.} Rxb5+ 38. cxb5 Qxb5+ 39. Ka2 {[%emt 0:00:28] White wants to mate with Qd7+.} Qd5+ ({Don't take} 39... Qxc6 40. Qxg2 Qd5+ 41. Ka1 Qxd3 42. Qf2 Qa6+ 43. Kb1 Qd3+ 44. Ka2 Qd5+ 45. Ka3 Qd6+ 46. Ka2 Qe6+ 47. Kb1 $16) 40. Ka1 {[%emt 0:00:26] Intending Qd7+ and mate.} Qa5+ (40... exd3 {is a self mate.} 41. Qd7+ Qxd7 42. cxd7 d2 43. d8=Q d1=Q+ 44. Qxd1 Kg8 45. Qd7 Kf8 46. Bf6 Bh1 47. Qg7+ Ke8 48. Qe7#) (40... Qxc6 41. Qxg2 Qa6+ 42. Kb1 Qxd3+ 43. Qc2) 41. Kb1 {[%emt 0:01:30] Qd7+ would kill now.} Qe1+ 42. Ka2 {[%emt 0:03:28] White really could win this.  Weighted Error Value: White=0.55/Black=0.49} 1/2-1/2

[Event "55th Biel Festival MTO 2022"]
[Site "Biel"]
[Date "2022.07.22"]
[Round "9.2"]
[White "Mendonca, Leon Luke"]
[Black "Sargsyan, Shant"]
[Result "1/2-1/2"]
[ECO "A14"]
[WhiteElo "2567"]
[BlackElo "2661"]
[Annotator "TA"]
[PlyCount "57"]
[EventDate "2022.07.13"]
[EventType "swiss"]
[EventCountry "SUI"]
[SourceTitle "playchess.com"]
[Source "ChessBase"]
[SourceQuality "1"]
[TimeControl "40/5400+30:1800+30"]

1. c4 Nf6 2. Nf3 e6 3. b3 d5 4. Bb2 b6 5. g3 Bb7 6. Bg2 dxc4 7. bxc4 c5 8. O-O Be7 9. d3 O-O 10. Nbd2 Qc7 {[%emt 0:02:35] A14: English Opening: 1...e6 with b3 by White.} 11. Be5 Qc8 {[%emt 0:03:22] [#]} 12. Bc3 $146 ({Predecessor:} 12. Qc2 Nc6 13. Bc3 Rd8 14. Qb2 Ne8 15. Ne4 f6 16. Bh3 Nc7 17. Rad1 Qd7 18. a3 {½-½ (50) Deglmann,L (2235)-Fuhrmann,D (2295) Germany 1997}) 12... Nc6 {[%emt 0:04:42] The position is equal.} 13. Qb3 Nd7 14. Qb2 Bf6 15. Bxf6 Nxf6 16. Ne5 Nxe5 17. Qxe5 Nd7 18. Bxb7 Nxe5 19. Bxc8 Rfxc8 20. a4 Nc6 21. Nb3 a5 22. Rab1 Ra7 23. Nd2 Nb4 24. f4 Rd7 25. Kf2 Kf8 26. g4 Ke7 27. g5 h6 28. h4 h5 29. Nf3 {[%emt 0:02:54] Weighted Error Value: White=0.03 (flawless) /Black=0.05 (flawless)} 1/2-1/2

[Event "55th Biel Festival MTO 2022"]
[Site "Biel"]
[Date "2022.07.22"]
[Round "9.3"]
[White "Sethuraman, S.P."]
[Black "Visakh N R"]
[Result "1/2-1/2"]
[ECO "C92"]
[WhiteElo "2623"]
[BlackElo "2503"]
[Annotator "TA"]
[PlyCount "60"]
[EventDate "2022.07.13"]
[EventType "swiss"]
[EventCountry "SUI"]
[SourceTitle "playchess.com"]
[Source "ChessBase"]
[SourceQuality "1"]
[TimeControl "40/5400+30:1800+30"]

1. e4 e5 2. Nf3 Nc6 3. Bb5 a6 4. Ba4 Nf6 5. O-O Be7 6. Re1 b5 7. Bb3 d6 8. c3 O-O 9. h3 Re8 10. d4 Bb7 11. a3 {[%emt 0:00:14] C92: Closed Ruy Lopez: 9...Be6, Karpov and Flohr-Zaitsev Variations.} Bf8 12. d5 {[%emt 0:00:12] Nowadays more popular than 12.Nbd2.} Na5 13. Ba2 c6 14. dxc6 Bxc6 15. Bg5 h6 16. Bxf6 Qxf6 {[%emt 0:00:03] [#]} 17. Nbd2 $146 ({Predecessor:} 17. Nfd2 Rec8 18. c4 Nb7 19. Re3 Be8 20. Nc3 Nc5 21. Nd5 Qd8 22. Rc1 Ne6 23. Rec3 {½-½ (41) Janisch,M (2438)-Schulz,G (2438) ICCF email 2020}) 17... Bd7 18. b4 Nc6 19. Nf1 Ne7 20. Ne3 Rec8 21. Rc1 a5 22. Bb3 Be6 23. Bxe6 Qxe6 24. Qd3 Qb3 25. Qxb5 axb4 26. axb4 {[%emt 0:04:00] Threatens to win with Nd2.} Rxc3 27. Qb7 ({White should try} 27. Rb1 $14 Qe6 28. Qb7) 27... Rxc1 $11 {[%emt 0:02:29] The position is equal.} 28. Rxc1 Ra2 29. Qb8 Qb2 30. Rf1 {[%emt 0:00:04] Active counter play!} Ra4 {[%emt 0:01:33] Weighted Error Value: White=0.07 (flawless) /Black=0.05 (flawless)} 1/2-1/2

[Event "55th Biel Festival MTO 2022"]
[Site "Biel"]
[Date "2022.07.22"]
[Round "9.4"]
[White "Raja Harshit"]
[Black "Fedoseev, Vladimir"]
[Result "0-1"]
[ECO "B42"]
[WhiteElo "2477"]
[BlackElo "2686"]
[Annotator "TA"]
[PlyCount "94"]
[EventDate "2022.07.13"]
[EventType "swiss"]
[EventCountry "SUI"]
[SourceTitle "playchess.com"]
[Source "ChessBase"]
[SourceQuality "1"]
[TimeControl "40/5400+30:1800+30"]

1. e4 c5 2. Nf3 e6 3. d4 cxd4 4. Nxd4 a6 5. Bd3 Qc7 6. O-O g6 {[%emt 0:00:57] B42: Sicilian: Kan Variation: 5 Bd3.} 7. b3 (7. Be3 $16) 7... Bg7 $11 8. Bb2 Nf6 $1 {[%emt 0:00:11] [#] The position is equal.} 9. Qf3 $146 ({Predecessor:} 9. Nd2 O-O 10. c4 d6 11. f4 Nh5 12. Kh1 Nc6 13. e5 Nxd4 14. Bxd4 dxe5 15. Bxe5 Bxe5 16. fxe5 Qxe5 {½-½ (42) Kaczmarek,A (2368)-Bilguun,S (2443) Suwalki 2017}) 9... Nh5 (9... e5 $5 10. Ne2 d5 $11) 10. Nd2 O-O 11. Qe3 d6 12. a4 Nc6 13. Nc4 d5 14. exd5 exd5 15. Nxc6 bxc6 16. Bxg7 Nxg7 17. Nb6 Rb8 18. a5 Bb7 19. Qg3 Qxg3 20. hxg3 {[%emt 0:00:20] Strongly threatening Nd7.} Rfd8 {[%emt 0:00:30] Inhibits Nd7.} 21. c4 Ne6 22. b4 {[%emt 0:16:39] Inhibits Nc5.} c5 23. cxd5 Bxd5 24. Bxa6 cxb4 25. Rab1 Nc5 26. Be2 b3 27. Rfc1 Be4 28. Rb2 Bc2 29. Bc4 Nd3 30. Bxd3 Rxd3 31. Nc4 Ra8 $36 {[%emt 0:00:00][%mdl 2048] Black is pushing.} 32. Ne3 (32. Ra1 $11 {keeps the balance.}) 32... Rxa5 $17 {[%emt 0:00:00] Hoping for ...Ra2.} 33. Nxc2 {[%emt 0:00:43] Ne1 is the strong threat.} Rc3 {[%emt 0:00:00][%mdl 64] Pin} 34. Rcb1 {[%emt 0:02:30] And now Na1 would win.} bxc2 {[%emt 0:00:00][%mdl 4096] Endgame KRR-KRR} 35. Rc1 Rac5 36. Kf1 Rc8 37. Ke2 R3c6 $1 38. Kd3 Rd6+ $1 39. Ke2 Re8+ 40. Kf3 h5 (40... Rf6+ $142 41. Kg4 Rxf2 42. Rcxc2 Re4+ 43. Kh3 Rxc2 44. Rxc2 h5) 41. g4 h4 {[%emt 0:01:47][%cal Rd6f6] Black is more active.} 42. g5 {[%emt 0:05:02] Inhibits Rf6+.} Rd3+ 43. Kf4 {[%emt 0:00:06] [#]} (43. Kg4 $1 $15) 43... Rd4+ $1 $19 44. Kf3 {[%emt 0:00:05] [#]} f5 $1 {[%emt 0:00:56] ( -> ...Rd3+)} ({Stronger than} 44... Rd3+ 45. Kg4 $17) 45. gxf6 $2 (45. g4 $19) 45... g5 46. g4 Rf4+ 47. Kg2 Re2 {[%emt 0:00:00] Weighted Error Value: White=0.31/Black=0.06 (flawless)} 0-1

[Event "55th Biel Festival MTO 2022"]
[Site "Biel"]
[Date "2022.07.22"]
[Round "9.5"]
[White "Martirosyan, Haik M."]
[Black "Puranik, Abhimanyu"]
[Result "1-0"]
[ECO "C54"]
[WhiteElo "2672"]
[BlackElo "2612"]
[Annotator "TA"]
[PlyCount "89"]
[EventDate "2022.07.13"]
[EventType "swiss"]
[EventCountry "SUI"]
[SourceTitle "playchess.com"]
[Source "ChessBase"]
[SourceQuality "1"]
[TimeControl "40/5400+30:1800+30"]

1. e4 e5 2. Nf3 Nc6 3. Bc4 Bc5 4. d3 Nf6 5. c3 d6 6. O-O a6 7. a4 h6 8. Re1 $1 {[%emt 0:03:03] 8.Re1 is better than 8.Nbd2. C54: Giuoco Piano: 4 c3 Nf6, main lines with 5 d4 and 5 d3.} O-O 9. h3 Re8 10. Nbd2 {[%emt 0:02:57] White has an edge.} Be6 11. Bxe6 Rxe6 12. b4 Ba7 13. Qc2 Qd7 14. Nf1 Ne7 15. Ng3 Ng6 {[%emt 0:23:33] [#]} 16. d4 $5 $146 {[%emt 0:04:38][%mdl 8] New and interesting.} ({Predecessor:} 16. c4 c6 17. a5 d5 18. Be3 Bxe3 19. fxe3 dxe4 20. dxe4 c5 21. bxc5 Qc7 22. Qc3 {½-½ (45) Karjakin,S (2763)-Anand,V (2776) Moscow 2018}) 16... exd4 (16... d5 $11) 17. cxd4 $16 Rae8 18. Be3 {[%emt 0:02:34] d5 is the strong threat.} R6e7 (18... Nxe4 $2 19. d5 R6e7 20. Nxe4 (20. Bxa7 Ng5 $16) 20... Bxe3 21. Rxe3 $18) 19. Nd2 Nh4 20. Re2 Nh7 21. Rae1 (21. Qd3 $14) 21... d5 $11 22. e5 f5 (22... Ng5 $11 {keeps the balance.}) 23. f4 $16 Nf8 24. Rf2 Rf7 25. Ne2 Ne6 26. g3 Ng6 27. Nf3 Ref8 28. Ref1 Ne7 29. Nh4 g6 30. g4 Kh7 31. Rg2 Qc6 32. Qb1 Qxa4 33. Kh2 $1 (33. gxf5 gxf5 34. Kh1 Bb6 $11) 33... Qb5 (33... Rg7 $11 {and Black stays safe.}) 34. gxf5 (34. Ng3 $1 $18 {[%cal Oh4g6] Black must now prevent Nxg6!} Kh8 35. Rd2) 34... Nxf5 $14 35. Nxf5 gxf5 (35... Rxf5 36. Ng3 $16) 36. Rfg1 {[%emt 0:00:59] Threatens to win with Ng3.} a5 ({Better is} 36... Re7 $14) 37. Qe1 $16 Rg7 {[%emt 0:00:54] Inhibits Rg6.} (37... Qe8 $16 38. bxa5 (38. Qg3 Rg7 $11) 38... c6) 38. Rxg7+ $18 (38. bxa5 Rxg2+ 39. Rxg2 Rg8 $11) 38... Nxg7 {[%emt 0:00:02] [#] White is clearly winning.} 39. Qg3 $1 Qxe2+ {[%emt 0:01:10] [#]} 40. Rg2 $1 ({Wrong is} 40. Kh1 $2 Rf7 41. bxa5 (41. e6 $2 Re7 $19) 41... Qh5 $19) 40... Qxg2+ 41. Qxg2 c6 42. bxa5 Ne6 (42... Rf7 $142 43. Qc2 Rc7) 43. Qc2 Nc7 44. a6 Nxa6 45. Qb1 {[%emt 0:00:00] Weighted Error Value: White=0.15 (very precise) /Black=0.32} 1-0

[Event "55th Biel Festival MTO 2022"]
[Site "Biel"]
[Date "2022.07.22"]
[Round "9.8"]
[White "Pranav Anand"]
[Black "Yu, Yangyi"]
[Result "0-1"]
[ECO "D90"]
[WhiteElo "2463"]
[BlackElo "2720"]
[Annotator "TA"]
[PlyCount "88"]
[EventDate "2022.07.13"]
[EventType "swiss"]
[EventCountry "SUI"]
[SourceTitle "playchess.com"]
[Source "ChessBase"]
[SourceQuality "1"]
[TimeControl "40/5400+30:1800+30"]

1. d4 Nf6 2. c4 g6 3. Nc3 d5 4. Nf3 Bg7 5. h4 dxc4 6. e4 {[%emt 0:00:14] D90: Grünfeld: 4 Nf3 Bg7 sidelines.} c5 7. d5 Bg4 (7... b5 $11) 8. Bxc4 (8. Qa4+ $16 Kf8 9. Qxc4 (9. Bxc4 Bxf3 10. gxf3 a6 $14) 9... Bxf3 10. gxf3) 8... Nbd7 $14 9. Qc2 O-O {[%emt 0:01:19] [#]} 10. Nh2 $146 ({Predecessor:} 10. Be3 a6 11. a4 Bxf3 12. gxf3 Ne5 13. Be2 Rc8 14. O-O Qd7 15. Kg2 Nh5 16. Qd1 {½-½ (48) Lopez,H (2107)-Seo,J (2483) Chess.com INT 2022}) 10... h5 (10... Ne5 $11 11. Nxg4 Nxc4 12. Nxf6+ Bxf6) 11. Bf4 Nb6 12. Be2 Bxe2 13. Qxe2 Qd7 14. a4 Rae8 15. Be3 (15. a5 $14 Nc8 16. O-O) 15... e6 $11 16. dxe6 ({Don't go for} 16. Bxc5 $2 Nxe4 $1 17. Nxe4 exd5 $19) 16... Qxe6 17. Bxc5 Nxe4 18. Bxf8 Nxc3 {[%emt 0:01:49][%csl Gc3,Ge8][%cal Re6e2][%mdl 64] Pin, Discovered Attack} ({Much less strong is} 18... Kxf8 19. O-O $14) 19. Qxe6 Rxe6+ 20. Kf1 Kxf8 21. bxc3 Bxc3 22. Rb1 Nxa4 {[%emt 0:00:07][%cal Ob7b5] White should prevent ...b5!} 23. Nf3 Re7 24. Rh3 (24. g3 $11) 24... a6 {[%emt 0:03:57] Black is more active.} 25. Ng5 b5 {[%emt 0:06:46] Strongly threatening ...b4.} 26. Rd3 b4 27. Rd8+ $1 Kg7 28. Ra8 Nc5 29. Rc8 Ne4 30. Nf3 ({White should try} 30. Nxe4 $15 Rxe4 31. Ra8) 30... Rb7 31. Ra8 Rb6 32. Ke2 Bf6 $1 33. Kd3 Nxf2+ 34. Kc4 {[%emt 0:00:01] [#]} Bc3 (34... Ng4 $142 $1 {[%cal Rg4e3] White must now prevent ...Ne3+.} 35. Kb3 Ne3) 35. Ng5 $17 Rc6+ 36. Kb3 (36. Kd5 $142 Rc7 37. Rxa6) 36... Nd3 {[%emt 0:01:47] Threatens to win with ...Bd4.} 37. Rf1 (37. Ra7 $17 Nc5+ 38. Kc4 Nb7+ 39. Kb3 Nc5+ 40. Kc4 Nb7+ 41. Kb3) 37... Nc5+ 38. Ka2 $2 {[%emt 0:00:42] Loses the game.} (38. Kc4 $17 {was the only chance.} Ne6+ 39. Kb3 Nd4+ 40. Ka2) 38... Rc7 $19 39. Kb1 b3 (39... Re7 $142 {aiming for ...f6.} 40. Rc8 Nb3) 40. Rc1 (40. Re8 {is a better defense.}) 40... Bf6 41. Rb8 (41. Ne4 $2 {[#]} Nxe4 $1 42. Rxc7 Nd2+ 43. Kc1 b2+ 44. Kxd2 b1=Q $19) 41... b2 42. Rc4 Rd7 {[%emt 0:03:15] Hoping for ...Rd1+.} 43. Kc2 {[%emt 0:00:12] Prevents Rd1.} ({But not} 43. Rxc5 $2 Rd1+ 44. Kc2 Rc1+ 45. Kd3 Rxc5 $19) (43. Rxb2 {might work better.} Bxb2 44. Kxb2 Nd3+ 45. Kb3) 43... Nd3 {[%emt 0:00:41] ( -> ...Ne1+)} 44. Nf3 {[%emt 0:00:27] Against Ne1+} a5 {[%emt 0:00:39] Weighted Error Value: White=0.37/Black=0.16 (very precise)} 0-1

[Event "55th Biel Festival MTO 2022"]
[Site "Biel"]
[Date "2022.07.22"]
[Round "9.9"]
[White "Lagarde, Maxime"]
[Black "Prraneeth Vuppala"]
[Result "0-1"]
[ECO "A36"]
[WhiteElo "2631"]
[BlackElo "2457"]
[Annotator "TA"]
[PlyCount "76"]
[EventDate "2022.07.13"]
[EventType "swiss"]
[EventCountry "SUI"]
[SourceTitle "playchess.com"]
[Source "ChessBase"]
[SourceQuality "1"]
[TimeControl "40/5400+30:1800+30"]

1. c4 c5 2. g3 g6 3. Bg2 Bg7 4. Nc3 Nc6 5. d3 d6 6. e3 {[%emt 0:00:29] A36: Symmetrical English vs ...g6: 4 Bg2 Bg7.} e6 7. Nge2 Nge7 8. O-O {[%emt 0:00:14] The position is equal.} O-O 9. b3 b6 {[%emt 0:05:47] 9...Rb8 is a critical line.} 10. Ba3 {[%emt 0:00:50] [#]} Ba6 $146 ({Predecessor:} 10... Bb7 11. d4 Re8 12. Qd2 cxd4 13. Nxd4 d5 14. Nxc6 Bxc6 15. Rfd1 dxc4 16. Qe2 Qc8 17. Bxc6 Qxc6 {1-0 (25) Lagarde,M (2631)-Nguyen,T (2588) Reykjavik 2021}) 11. Rc1 Rc8 12. d4 cxd4 13. exd4 d5 14. cxd5 exd5 15. Bh3 Rc7 16. Qd2 Re8 17. Rc2 b5 {[%emt 0:20:39] ...b4 is the strong threat.} 18. Qd3 Nb8 {[%emt 0:10:27][%cal Ob5b4] aiming for ...b4!} 19. Qf3 Nbc6 {[%emt 0:01:15] And now ...b4 would win.} 20. Bxe7 Nxe7 21. a3 Nc6 {[%emt 0:03:56] Hoping for ...b4.} 22. Nxd5 {[%emt 0:08:46] [#]} (22. Qd3 $11 {remains equal.}) 22... Ne5 $1 23. dxe5 $15 Rxc2 24. e6 fxe6 25. Nb4 {[%emt 0:00:20][%csl LRa6,LRc2] [#]} Bb7 $1 26. Qxb7 Rxe2 27. Qxb5 Rd2 28. Nc6 Qd5 29. Nxa7 Rf8 30. Qxd5 exd5 31. Nc6 d4 (31... Bb2 $17 32. a4 Rf6) 32. Be6+ Kh8 {[%emt 0:00:03][%mdl 1024] Black has compensation.} 33. Bc4 d3 34. Kg2 (34. a4 $11) 34... Bc3 {[%emt 0:01:00] Black is more active.} 35. b4 Bb2 36. a4 (36. b5 $17) 36... Rc2 $19 37. Bd5 d2 38. b5 $2 {[%emt 0:00:27][%mdl 8192] [#]} (38. Rd1 $17 Re8 39. b5) 38... Rxf2+ $3 {[%emt 0:00:22][%mdl 576] Promotion.  Weighted Error Value: White=0.42/Black=0.11 (very precise)} 0-1